 Dungeon Crawl Stone Soup version 0.18-a0-73-g76764e3 (webtiles) character file.

52954 Hocus the Thaumaturge (level 14, -3/92 HPs)
             Began as a Deep Elf Fire Elementalist on Mar 12, 2015.
             Was a High Priest of Vehumet.
             Slain by a death yak (12 damage)
             ... on level 8 of the Lair of Beasts on Nov 11, 2015.
             The game lasted 01:48:23 (27943 turns).

Hocus the Thaumaturge (Deep Elf Fire Elementalist) Turns: 27943, Time: 01:48:23

Health: -3/92      AC:  5    Str:  5    XL:     14   Next: 29%
Magic:  36/42      EV:  2    Int: 26    God:    Vehumet [*****.]
Gold:   1225       SH:  0    Dex: 15    Spells: 8 memorised, 14 levels left

rFire  + . .     SeeInvis .     l - +3 double sword (slice)
rCold  x . .     Clarity  +     a - +0 robe
rNeg   + + +     SustAt   .     w - +2 buckler
rPois  ∞         Gourm    .     y - +0 helmet
rElec  .         Spirit   .     W - +1 cloak
rCorr  .         Warding  .     (no gloves)
rMut   .         Stasis   .     (no boots)
MR     +....                    D - amulet of clarity
Stlth  ++++......               u - ring of fire
                                P - ring of magical power

@: petrified, somewhat resistant to hostile enchantments, stealthy
A: breathe flames 1, robust 1
a: Renounce Religion, Breathe Fire


You were on level 8 of the Lair of Beasts.
You worshipped Vehumet.
Vehumet was extremely pleased with you.
You were hungry.

You visited 3 branches of the dungeon, and saw 18 of its levels.
You also visited: Ice Cave.

You collected 1225 gold pieces.

Inventory:

Hand Weapons
 l - a +3 double sword of slicing (weapon)
Armour
 a - a +0 robe (worn)
 w - a +2 buckler (worn)
 y - a +0 helmet (worn)
 W - a +1 cloak (worn)
Jewellery
 t - a +2 ring of dexterity
 u - a ring of fire (right hand)
 D - an amulet of clarity (around neck)
 P - a ring of magical power (left hand)
 R - an uncursed ring of see invisible
 Y - an uncursed ring of protection from cold
Wands
 i - a wand of draining (6)
 I - a wand of digging (6)
 X - a wand of lightning (8)
Scrolls
 e - a scroll of amnesia
 j - 6 scrolls of remove curse
 n - a scroll of fog
 r - a scroll of blinking
 s - a scroll of enchant armour
 v - a scroll of summoning
 H - a scroll of fear
 K - a scroll of silence {unknown}
 Q - 3 scrolls of identify
 V - a scroll of teleportation
 Z - 2 scrolls of magic mapping
Potions
 d - 2 potions of heal wounds
 f - 2 potions of magic
 g - a potion of cancellation
 o - 2 potions of agility
 p - 13 potions of curing
 q - 8 potions of brilliance
 x - 5 potions of restore abilities
 z - a potion of ambrosia {unknown}
 A - 2 potions of flight {unknown}
 E - 3 potions of resistance
 L - a potion of might {unknown}
 N - 2 potions of haste
Books
 b - a book of Flames

   Spells                             Type                      Level
   a - Flame Tongue                   Conjuration/Fire             1
   b - Throw Flame                    Conjuration/Fire             2
   c - Conjure Flame                  Conjuration/Fire             3
   d - Inner Flame                    Hexes/Fire                   3
   e - Sticky Flame                   Conjuration/Fire             4
   f - Fireball                       Conjuration/Fire             5
 m - a book of Dreams

   Spells                             Type                      Level
   a - Ensorcelled Hibernation        Hexes/Ice                    2
   b - Phase Shift                    Translocation                5
   c - Shadow Creatures               Summoning                    5
   d - Silence                        Hexes/Air                    5
   e - Darkness                       Hexes                        6
   f - Mass Confusion                 Hexes                        6
 B - a book of the Earth

   Spells                             Type                      Level
   a - Leda's Liquefaction            Hexes/Earth                  4
   b - Bolt of Magma                  Conjuration/Fire/Earth       5
   c - Statue Form                    Transmutation/Earth          6
   d - Iron Shot                      Conjuration/Earth            6
   e - Shatter                        Earth                        9
 F - a book of Fire

   Spells                             Type                      Level
   a - Ignite Poison                  Fire/Transmutation/Poison    3
   b - Fireball                       Conjuration/Fire             5
   c - Bolt of Fire                   Conjuration/Fire             6
   d - Delayed Fireball               Conjuration/Fire             7
   e - Ring of Flames                 Charms/Fire                  7
 J - a book of Enchantments

   Spells                             Type                      Level
   a - Cause Fear                     Hexes                        4
   b - Silence                        Hexes/Air                    5
   c - Deflect Missiles               Charms/Air                   6
   d - Haste                          Charms                       6
   e - Discord                        Hexes                        8
 M - a book of the Warp

   Spells                             Type                      Level
   a - Recall                         Summoning/Translocation      3
   b - Gell's Gravitas                Hexes/Translocation          3
   c - Force Lance                    Conjuration/Translocation    4
   d - Phase Shift                    Translocation                5
   e - Warp Weapon                    Charms/Translocation         5
   f - Summon Forest                  Summoning/Translocation      5
 S - a book of the Dragon

   Spells                             Type                      Level
   a - Flame Tongue                   Conjuration/Fire             1
   b - Cause Fear                     Hexes                        4
   c - Bolt of Fire                   Conjuration/Fire             6
   d - Dragon Form                    Transmutation                7
   e - Dragon's Call                  Summoning                    9
 T - a book of Maledictions

   Spells                             Type                      Level
   a - Corona                         Hexes                        1
   b - Ensorcelled Hibernation        Hexes/Ice                    2
   c - Confuse                        Hexes                        3
   d - Tukima's Dance                 Hexes                        3
   e - Dazzling Spray                 Conjuration/Hexes            3
Comestibles
 c - 18 bread rations
 h - 6 beef jerkies
 k - 4 meat rations
 O - 13 fruits
 U - a royal jelly


   Skills:
 + Level 8.8 Fighting
 + Level 5.0 Long Blades
 - Level 13.0 Dodging
 - Level 8.2 Stealth
 - Level 5.0 Shields
 - Level 13.4 Spellcasting
 - Level 12.0 Conjurations
 - Level 11.0 Fire Magic


You had 14 spell levels left.
You knew the following spells:

 Your Spells              Type           Power        Failure   Level  Hunger
a - Flame Tongue          Conj/Fire      #####        1%          1    None
b - Throw Flame           Conj/Fire      ######       1%          2    None
c - Conjure Flame         Conj/Fire      #######.     1%          3    None
d - Sticky Flame          Conj/Fire      #######.     1%          4    None
e - Fireball              Conj/Fire      #######...   1%          5    ##.....
f - Bolt of Magma         Conj/Fire/Erth ######....   1%          5    ##.....
g - Ignite Poison         Fire/Trmt/Pois ######..     1%          3    None
h - Delayed Fireball      Conj/Fire      N/A          8%          7    ######.


Dungeon Overview and Level Annotations

Branches:
Dungeon (9/15)             Temple (1/1) D:7            Lair (8/8) D:9
  Swamp (0/5) Lair:6       Spider (0/5) Lair:4        Slime (0/6) Lair:7
    Orc: D:9-12

Altars:
Ashenzari
Cheibriados
Dithmenos
Elyvilon
Fedhas
Gozag
Kikubaaqudgha
Makhleb
Nemelex Xobeh
Okawaru
Qazlal
Ru
Sif Muna
Trog
Vehumet
Xom
Yredelemnul
Zin
The Shining One
Jiyva

Annotations:
D:3 exclusion: oklob plant


Innate Abilities, Weirdness & Mutations

You can breathe flames.
You are robust (+10% HP).


Message History

The basilisk gazes at you. The death yak gores you! The death yak gores you.
The death yak gores you but does no damage.
The death yak gores you. x2
The death yak gores you but does no damage.
The death yak gores you!! The basilisk bites you!! The death yak gores you!!
The death yak gores you! The death yak gores you. The basilisk bites you.
The death yak gores you! The death yak gores you!!
* * * LOW HITPOINT WARNING * * *
The death yak gores you!
* * * LOW HITPOINT WARNING * * *
The basilisk bites you!
* * * LOW HITPOINT WARNING * * *
The death yak gores you!
* * * LOW HITPOINT WARNING * * *
The death yak gores you. The death yak gores you!!
You die...

##..#.#...##........
##....##...#.......#.
#....P#............#.
#....P#......#.......
##...###....#.....##.
##...###...###.(...#.
#.....#..#..#P.....##
##.........#......#.#
#..@Y...............
#.lYY...............
#...................
##/.................
##...................
##P.......H...........
#P.....P.............P
###P..#..#.P..#.......
#.....#..P.........P.


You could see 3 death yaks, a hippogriff (wandering) and a basilisk.

Vanquished Creatures
  Maud (Lair:7)
  A dire elephant (Lair:8)
  2 catoblepae (Lair:8)
  6 hydras
  A deep troll shaman (Lair:8)
  3 death yaks (Lair:8)
  4 griffons
  An oklob plant (Lair:7)
  10 black mambas
  11 elephants
  Joseph (D:8)
  13 spiny frogs
  12 komodo dragons
  A jumping spider (Lair:4)
  5 fire drakes
  8 polar bears
  Grinder (D:6)
  Prince Ribbit (D:4)
  3 boulder beetles
  9 blink frogs
  2 redbacks (Lair:4)
  2 spriggans
  Eustachio (D:6)
  9 hippogriffs
  Grum (D:8)
  22 wolves
  39 yaks
  Edmund (D:4)
  A wyvern (Lair:4)
  Menkaure (D:6)
  15 porcupines
  21 water moccasins
  An orc warrior (D:6)
  A sky beast (D:8)
  An ice beast (D:4)
  6 centaurs
  3 black bears
  A phantom (D:6)
  3 ogres
  14 crocodiles
  3 big kobolds
  Blork the orc (D:5)
  A brain worm (D:6)
  15 giant frogs
  5 scorpions
  5 killer bees
  A quasit (D:6)
  3 crimson imps
  3 electric eels
  A beetle (D:6)
  A giant frog zombie (D:9)
  7 hounds
  3 giant frog skeletons
  A jelly (D:9)
  6 iguanas
  An orc priest (D:6)
  7 orc wizards
  7 worker ants
  29 sheep
  Ijyb (D:4)
  A hound zombie (D:5)
  A hound skeleton (D:4)
  2 worker ant zombies
  18 adders
  39 river rats
  2 shadow imps
  12 white imps (Lair:1)
  3 removed MONS_GIANT_MITEs
  A worm (D:2)
  An adder zombie (D:8)
  An adder skeleton (D:5)
  14 giant geckos
  26 orcs
  A ball python (D:5)
  16 bats
  A bat skeleton (D:7)
  11 goblins
  18 hobgoblins
  29 kobolds
  12 quokkas
  9 giant cockroaches
  6 giant newts
  A giant spore (D:9)
  15 jackals
  3 orc zombies (D:6)
  15 rats
  A ballistomycete (D:9)
  6 fungi
  4 plants (Lair:8)
609 creatures vanquished.

Vanquished Creatures (others)
  A bush (Lair:8)
  25 fungi
  17 plants
43 creatures vanquished.

Grand Total: 652 creatures vanquished

Notes
Turn   | Place    | Note
--------------------------------------------------------------
     0 | D:1      | Hocus, the Deep Elf Fire Elementalist, began the quest for the Orb.
     0 | D:1      | Reached XP level 1. HP: 10/10 MP: 5/5
   371 | D:1      | Reached XP level 2. HP: 15/15 MP: 4/8
   506 | D:1      | Learned a level 2 spell: Throw Flame
   927 | D:1      | Reached XP level 3. HP: 13/19 MP: 2/10
  1030 | D:1      | Learned a level 3 spell: Conjure Flame
  1254 | D:2      | Found an iron altar of Okawaru.
  1930 | D:3      | Found a shattered altar of Ashenzari.
  1985 | D:3      | Reached XP level 4. HP: 24/24 MP: 9/13
  1993 | D:3      | Found a blossoming altar of Fedhas.
  2022 | D:3      | Noticed an oklob plant
  2222 | D:3      | Reached skill level 4 in Conjurations
  2395 | D:3      | Found a glowing golden altar of the Shining One.
  2771 | D:3      | Reached XP level 5. HP: 28/28 MP: 9/16
  2819 | D:3      | Learned a level 4 spell: Sticky Flame
  3441 | D:4      | Reached skill level 5 in Fire Magic
  3445 | D:4      | Reached skill level 5 in Conjurations
  3583 | D:4      | Reached XP level 6. HP: 30/32 MP: 12/18
  3632 | D:4      | Noticed Prince Ribbit
  3638 | D:4      | Killed Prince Ribbit
  3638 | D:4      | Reached skill level 6 in Conjurations
  3752 | D:4      | Reached XP level 7. HP: 36/36 MP: 18/20
  3782 | D:4      | Noticed Edmund
  3809 | D:4      | Killed Edmund
  3989 | D:4      | Noticed Ijyb
  3997 | D:4      | Killed Ijyb
  3997 | D:4      | Reached skill level 7 in Fire Magic
  4191 | D:4      | Found an opulent altar of Gozag.
  4521 | D:4      | Found a stormy altar of Qazlal.
  4531 | D:4      | Noticed a fire vortex
  4531 | D:4      | Noticed a fire vortex
  4982 | D:5      | Entered Level 5 of the Dungeon
  5402 | D:5      | Learned a level 5 spell: Fireball
  5513 | D:5      | Reached XP level 8. HP: 41/41 MP: 20/23
  5522 | D:5      | Found a sparkling altar of Nemelex Xobeh.
  6118 | D:5      | Noticed Blork the orc
  6138 | D:5      | Killed Blork the orc
  6138 | D:5      | Reached skill level 5 in Spellcasting
  6198 | D:5      | Found a deep blue altar of Sif Muna.
  6387 | D:6      | Reached skill level 8 in Conjurations
  6971 | D:6      | Noticed Menkaure
  6971 | D:6      | Killed Menkaure
  7468 | D:6      | Noticed Eustachio
  7473 | D:6      | Killed Eustachio
  7473 | D:6      | Reached XP level 9. HP: 45/45 MP: 10/29
  7545 | D:6      | Noticed Grinder
  7553 | D:6      | Killed Grinder
  7553 | D:6      | Reached skill level 9 in Spellcasting
  7562 | D:6      | Learned a level 5 spell: Bolt of Magma
  7761 | D:7      | Found a staircase to the Ecumenical Temple.
  7776 | Temple   | Entered the Ecumenical Temple
  7815 | Temple   | Became a worshipper of Vehumet
  8728 | D:7      | Reached piety under Vehumet
  8728 | D:7      | Offered knowledge of Sandblast by Vehumet.
  8773 | D:7      | Reached skill level 10 in Spellcasting
  9139 | D:7      | Reached skill level 5 in Dodging
  9330 | D:8      | Noticed Grum
  9336 | D:8      | Killed Grum
  9355 | D:8      | Reached skill level 11 in Spellcasting
  9585 | D:8      | Found a white marble altar of Elyvilon.
  9756 | D:8      | Found a snail-covered altar of Cheibriados.
  9888 | D:8      | Found a shadowy altar of Dithmenos.
  9915 | D:8      | Noticed Joseph
  9918 | D:8      | Killed Joseph
  9918 | D:8      | Reached XP level 10. HP: 48/50 MP: 13/32
 10336 | D:8      | Offered knowledge of Freeze by Vehumet.
 10572 | D:9      | Found a bloodstained altar of Trog.
 10577 | D:9      | Reached skill level 1 in Fighting
 10746 | D:9      | Found a glowing silver altar of Zin.
 11266 | D:9      | Found a white marble altar of Elyvilon.
 11562 | D:9      | Found a staircase to the Lair.
 11599 | D:9      | Reached skill level 1 in Shields
 11681 | Lair:1   | Entered Level 1 of the Lair of Beasts
 11873 | Lair:1   | Found a frozen archway.
 11878 | Lair:1   | Offered knowledge of Throw Frost by Vehumet.
 12081 | IceCv    | Entered an ice cave
 12082 | IceCv    | Reached skill level 5 in Stealth
 12084 | IceCv    | Reached ** piety under Vehumet
 12786 | Lair:1   | Offered knowledge of Stone Arrow by Vehumet.
 12786 | Lair:1   | Reached XP level 11. HP: 60/60 MP: 8/33
 13455 | Lair:1   | Noticed a four-headed hydra
 13701 | Lair:1   | Killed a four-headed hydra
 14458 | Lair:2   | Reached skill level 10 in Dodging
 15134 | Lair:2   | Noticed an eight-headed hydra
 15139 | Lair:2   | Killed an eight-headed hydra
 15139 | Lair:2   | Reached skill level 5 in Fighting
 15356 | Lair:2   | Reached *** piety under Vehumet
 15687 | Lair:2   | Reached skill level 5 in Shields
 16127 | Lair:2   | Offered knowledge of Bolt of Draining by Vehumet.
 16401 | Lair:3   | Reached XP level 12. HP: 68/68 MP: 21/34
 17609 | Lair:4   | Noticed a seven-headed hydra
 17613 | Lair:4   | Killed a seven-headed hydra
 18060 | Lair:4   | Reached skill level 12 in Spellcasting
 18175 | Lair:4   | Offered knowledge of Irradiate by Vehumet.
 18662 | Lair:4   | Reached skill level 10 in Conjurations
 19444 | Lair:4   | Found a hole to the Spider Nest.
 19492 | Lair:5   | Noticed an eight-headed hydra
 19596 | Lair:5   | Killed an eight-headed hydra
 19596 | Lair:5   | Reached skill level 10 in Fire Magic
 20423 | Lair:5   | Learned a level 3 spell: Ignite Poison
 20431 | Lair:5   | Learned a level 7 spell: Delayed Fireball
 20716 | Lair:6   | Found a staircase to the Swamp.
 20955 | Lair:6   | Reached XP level 13. HP: 75/75 MP: 19/36
 21423 | Lair:6   | Upgraded the game from 0.17-a0-69-g555aecb to 0.17-a0-2208-ge5ab1d3
 21423 | Lair:6   | Upgraded the game from 0.17-a0-2208-ge5ab1d3 to 0.18-a0-73-g76764e3
 21598 | Lair:6   | Reached skill level 13 in Spellcasting
 21741 | Lair:6   | Offered knowledge of Bolt of Cold by Vehumet.
 23399 | Lair:7   | Noticed Maud
 23609 | Lair:7   | Found a staircase to the Slime Pits.
 23609 | Lair:7   | Found a viscous altar of Jiyva.
 23886 | Lair:7   | Killed Maud
 24566 | Lair:7   | Reached skill level 1 in Long Blades
 25068 | Lair:8   | Entered Level 8 of the Lair of Beasts
 25208 | Lair:8   | Gained mutation: You can breathe flames. [potion of beneficial mutation]
 25209 | Lair:8   | Gained mutation: You are robust (+10% HP). [potion of beneficial mutation]
 25662 | Lair:8   | Offered knowledge of Lightning Bolt by Vehumet.
 25927 | Lair:7   | Reached XP level 14. HP: 19/92 MP: 0/33
 27863 | Lair:8   | Reached skill level 5 in Long Blades
 27943 | Lair:8   | Slain by a death yak

Vault maps used:
D:1:      dpeg_arrival_snail, supply_closet_lemuel
D:2:      overflow_temple_1_default, first_bread
D:3:      tgw_fedhas, cheibrodos_ashenzari_chains, old_standard_altar,
          st_stairs_10
D:4:      lemuel_doored_altar, nicolae_qazlal_general_emergency,
          gup_sewer_entry_pipe, uniq_prince_ribbit1, uniq_iyjb, uniq_edmund
D:5:      tgw_sif, overflow_temple_1_default, hex_intersection,
          grunt_ministairs_6
D:6:      uniq_grinder, uniq_eustachio, uniq_blork_the_orc, uniq_menkaure
D:7:      minmay_temple_entry_purple_smoke, minmay_hedge_maze, the_bakery,
          kennysheep_pointless_box, grunt_tough_drop
D:8:      lemuel_round_altar, old_standard_altar, grunt_ministairs_2,
          nicolae_dithmenos_shadow_blocks, uniq_joseph, uniq_grum
D:9:      nicolae_overflow_crystal_walls, lemuel_crystal_altar, lair_0_dummy,
          basic_altar, grunt_ministairs_5, minmay_joined_circles
Temple:   temple_island_7
Lair:1:   portal_ice_cave_entry_imps
Lair:2:   infiniplex_staircase_pool_2
Lair:3:   grunt_megastairs_3
Lair:4:   beast_lair_carwin_large_1, spider_nest_entry_funnel_web,
          forest_entry_grove, lemuel_fruit_fields
Lair:5:   serial_bayou_shore_a
Lair:6:   minmay_swamp_entry_reptiles, infiniplex_staircase_pool,
          serial_bayou_shore_b, serial_bayou_shore_b
Lair:7:   gammafunk_lair_bear_cave, slime_altar_1,
          grunt_forest_small_clearing_treed, uniq_maud
Lair:8:   grunt_lair_end_beastmaster
IceCv:    ice_cave_small_giant

Action                   |  1- 3 |  4- 6 |  7- 9 | 10-12 | 13-15 || total
-------------------------+-------+-------+-------+-------+-------++-------
Melee: Unarmed           |     1 |       |     7 |     7 |       ||    15
       Double sword      |       |       |       |       |    51 ||    51
 Cast: Flame Tongue      |    97 |    62 |   141 |     1 |     1 ||   302
       Throw Flame       |       |    14 |   123 |   284 |    23 ||   444
       Sticky Flame      |       |     1 |    10 |    21 |     2 ||    34
       Fireball          |       |       |    27 |   182 |    83 ||   292
       Conjure Flame     |       |       |     2 |     3 |     3 ||     8
       Bolt of Magma     |       |       |     6 |    26 |   146 ||   178
       Ignite Poison     |       |       |       |       |     4 ||     4
Evoke: Wand              |       |       |       |     2 |     2 ||     4
  Use: Scroll            |     1 |       |       |    25 |    10 ||    36
       Potion            |       |     1 |       |     3 |     2 ||     6
  Eat: Chunk             |     3 |     5 |    22 |    46 |    12 ||    88
       Pizza             |       |       |     1 |     3 |     1 ||     5
       Meat ration       |       |       |     1 |     1 |     4 ||     6
